PUB
TORONTO BLUE JAYS @ REDWOOD PIONEERS
07/30/1972
 
TOP OF THE 1ST
Toronto Blue Jays batting - Pitching for Redwood Pioneers : RHP Ted Gilmore
Pitching: RHP Ted Gilmore
Batting: RHB Waylon Castro 0-0: Called Strike
0-1: Ground out 6-3 (Groundball, 6, EV 80.0 MPH)
Batting: RHB Michael McKee 0-0: Swinging Strike
0-1: Ball
1-1: SOLO HOME RUN (Flyball, 7LD, EV 96.3 MPH), Distance : 350 ft
Batting: LHB Robert Beauregard 0-0: Ball
1-0: Ball
2-0: Swinging Strike
2-1: Ball
3-1: Swinging Strike
3-2: Strikes out swinging
Batting: RHB Danny Britt 0-0: Called Strike
0-1: Foul Ball, location: 2F
0-2: Fly out, F9 (Flyball, 9, EV 96.9 MPH)
Top of the 1st over - 1 run, 1 hit, 0 errors, 0 left on base; Toronto 1 - Redwood 0
BOTTOM OF THE 1ST
Redwood Pioneers batting - Pitching for Toronto Blue Jays : LHP Mickey Lolich
Pitching: LHP Mickey Lolich
Batting: LHB Tomás Bernal 0-0: Ball
1-0: Ball
2-0: Ball
3-0: Called Strike
3-1: Foul Ball, location: 2F
3-2: Base on Balls
Batting: LHB Bobby Murcer 0-0: Ball
1-0: Called Strike
1-1: Ball
2-1: Ball
3-1: Fielders Choice at 2nd, 5-4 (Groundball, 56, EV 83.8 MPH)
Batting: LHB Jerry Gregory 0-0: Called Strike
0-1: Fly out, F7 (Flyball, 78M, EV 94.4 MPH)
Batting: RHB José Moya 0-0: Swinging Strike
0-1: Ball
1-1: Ball
2-1: DOUBLE (Groundball, 5L, EV 106.3 MPH)
Bobby Murcer to third
Runner from 3rd tries for Home, SAFE, no throw by LF
Batting: RHB Yaichiro Ito 0-0: Foul Ball, location: 7LSF
0-1: Swinging Strike
0-2: Ball
1-2: Fly out, F7 (Flyball, 78M, EV 92.5 MPH)
Bottom of the 1st over - 1 run, 1 hit, 0 errors, 1 left on base; Toronto 1 - Redwood 1
TOP OF THE 2ND
Toronto Blue Jays batting - Pitching for Redwood Pioneers : RHP Ted Gilmore
Batting: LHB Edgar Ledesma 0-0: Called Strike
0-1: Called Strike
0-2: Ball
1-2: Ball
2-2: Fly out, F9 (Line Drive, 9, EV 95.6 MPH)
Batting: RHB Amos Otis 0-0: Called Strike
0-1: Ball
1-1: Fly out, F3 (Popup, 3L, EV 65.0 MPH)
Batting: RHB Jim Fregosi 0-0: Called Strike
0-1: Swinging Strike
0-2: Foul Ball, location: 9LDF
0-2: Foul Ball, location: 9LMF
0-2: Ball
1-2: Foul Ball, location: 7LDF
1-2: Ball
2-2: Foul Ball, location: 2F
2-2: Fly out, F8 (Flyball, 89M, EV 95.0 MPH)
Top of the 2nd over - 0 runs, 0 hits, 0 errors, 0 left on base; Toronto 1 - Redwood 1
BOTTOM OF THE 2ND
Redwood Pioneers batting - Pitching for Toronto Blue Jays : LHP Mickey Lolich
Batting: RHB Joe Givens 0-0: Ground out 6-3 (Groundball, 6, EV 91.9 MPH)
Batting: RHB Elliott Maddox 0-0: Ball
1-0: Foul Ball, location: 2F
1-1: Ball
2-1: Foul Ball, location: 3FF
2-2: Strikes out swinging
Batting: RHB Al Lung 0-0: Called Strike
0-1: Ball
1-1: Called Strike
1-2: Fly out, F8 (Flyball, 78M, EV 90.0 MPH)
Bottom of the 2nd over - 0 runs, 0 hits, 0 errors, 0 left on base; Toronto 1 - Redwood 1
TOP OF THE 3RD
Toronto Blue Jays batting - Pitching for Redwood Pioneers : RHP Ted Gilmore
Batting: RHB Howard Brown 0-0: Called Strike
0-1: Ball
1-1: Foul Ball, location: 3SF
1-2: Ball
2-2: Ball
3-2: Foul Ball, location: 9LDF
3-2: Foul Ball, location: 2F
3-2: Base on Balls
Batting: SHB Mickey Lolich 0-0: Bunted foul
0-1: Bunt missed!
0-2: Sac Bunt to 2R - play at second, runner OUT! 2-6
Batting: RHB Waylon Castro 0-0: Ball
1-0: Foul Ball, location: 9LMF
1-1: Called Strike
1-2: Strikes out swinging
Batting: RHB Michael McKee 0-0: Foul Ball, location: 5FF
0-1: Called Strike
0-2: Ball
1-2: Fly out, F6 (Flyball, 6MD, EV 97.5 MPH)
Top of the 3rd over - 0 runs, 0 hits, 0 errors, 1 left on base; Toronto 1 - Redwood 1
BOTTOM OF THE 3RD
Redwood Pioneers batting - Pitching for Toronto Blue Jays : LHP Mickey Lolich
Batting: RHB Ted Gilmore 0-0: Ball
1-0: Swinging Strike
1-1: Called Strike
1-2: Ground out 1-3 (Groundball, 34S, EV 75.6 MPH)
Batting: LHB Tomás Bernal 0-0: Called Strike
0-1: Fly out, F7 (Flyball, 78S, EV 91.3 MPH)
Batting: LHB Bobby Murcer 0-0: Ball
1-0: Ball
2-0: Fly out, F7 (Flyball, 7LM, EV 111.3 MPH)
Bottom of the 3rd over - 0 runs, 0 hits, 0 errors, 0 left on base; Toronto 1 - Redwood 1
TOP OF THE 4TH
Toronto Blue Jays batting - Pitching for Redwood Pioneers : RHP Ted Gilmore
Batting: LHB Robert Beauregard 0-0: Ball
1-0: Called Strike
1-1: Ball
2-1: Ball
3-1: Called Strike
3-2: Strikes out swinging
Batting: RHB Danny Britt 0-0: Ground out 6-3 (Groundball, 6, EV 81.3 MPH)
Batting: LHB Edgar Ledesma 0-0: Ball
1-0: Called Strike
1-1: Foul Ball, location: 5SF
1-2: Strikes out swinging
Top of the 4th over - 0 runs, 0 hits, 0 errors, 0 left on base; Toronto 1 - Redwood 1
BOTTOM OF THE 4TH
Redwood Pioneers batting - Pitching for Toronto Blue Jays : LHP Mickey Lolich
Batting: LHB Jerry Gregory 0-0: Foul Ball, location: 23FF
0-1: Ball
1-1: Ground out 4-3 (Groundball, 34, EV 86.3 MPH)
Batting: RHB José Moya 0-0: Ball
1-0: Ball
2-0: Foul Ball, location: 2F
2-1: Swinging Strike
2-2: SOLO HOME RUN (Flyball, 89XD, EV 110.6 MPH), Distance : 421 ft
Batting: RHB Yaichiro Ito 0-0: SINGLE (Flyball, 8RS, EV 95.0 MPH) - OUT at second base trying to stretch hit.
Batting: RHB Joe Givens 0-0: Swinging Strike
0-1: Foul Ball, location: 5FF
0-2: Ball
1-2: Strikes out looking
Bottom of the 4th over - 1 run, 2 hits, 0 errors, 0 left on base; Toronto 1 - Redwood 2
TOP OF THE 5TH
Toronto Blue Jays batting - Pitching for Redwood Pioneers : RHP Ted Gilmore
Batting: RHB Amos Otis 0-0: Ground out 1-3 (Groundball, 15S, EV 71.9 MPH)
Batting: RHB Jim Fregosi 0-0: Foul Ball, location: 3DF
0-1: Called Strike
0-2: Ball
1-2: Ball
2-2: Ball
3-2: Foul Ball, location: 2RF
3-2: Strikes out swinging
Batting: RHB Howard Brown 0-0: Fly out, F9 (Line Drive, 89S, EV 100.0 MPH)
Top of the 5th over - 0 runs, 0 hits, 0 errors, 0 left on base; Toronto 1 - Redwood 2
BOTTOM OF THE 5TH
Redwood Pioneers batting - Pitching for Toronto Blue Jays : LHP Mickey Lolich
Batting: RHB Elliott Maddox 0-0: Ground out U3 (Groundball, 34, EV 100.0 MPH)
Batting: RHB Al Lung 0-0: SOLO HOME RUN (Flyball, 7LD, EV 98.8 MPH), Distance : 360 ft
Batting: RHB Ted Gilmore 0-0: Called Strike
0-1: Ball
1-1: DOUBLE (Flyball, 89D, EV 109.4 MPH)
Batting: LHB Tomás Bernal 0-0: Foul Ball, location: 3FF
0-1: Called Strike
0-2: Foul Ball, location: 23F
0-2: Strikes out swinging
Batting: LHB Bobby Murcer 0-0: Called Strike
0-1: Called Strike
0-2: Ball
1-2: SINGLE (Line Drive, 89S, EV 100.0 MPH)
Ted Gilmore to third
Runner from 3rd tries for Home, throw by RF and OUT! 9-2
Bottom of the 5th over - 1 run, 3 hits, 0 errors, 1 left on base; Toronto 1 - Redwood 3
TOP OF THE 6TH
Toronto Blue Jays batting - Pitching for Redwood Pioneers : RHP Ted Gilmore
Batting: SHB Mickey Lolich 0-0: Foul Ball, location: 5DF
0-1: Foul Ball, location: 2F
0-2: Fly out, F8 (Flyball, 89D, EV 99.4 MPH)
Batting: RHB Waylon Castro 0-0: Ball
1-0: Ball
2-0: Ball
3-0: Swinging Strike
3-1: Swinging Strike
3-2: Strikes out swinging
Batting: RHB Michael McKee 0-0: Foul Ball, location: 5DF
0-1: Swinging Strike
0-2: Strikes out swinging
Top of the 6th over - 0 runs, 0 hits, 0 errors, 0 left on base; Toronto 1 - Redwood 3
BOTTOM OF THE 6TH
Redwood Pioneers batting - Pitching for Toronto Blue Jays : LHP Mickey Lolich
Batting: LHB Jerry Gregory 0-0: Called Strike
0-1: Called Strike
0-2: Ball
1-2: SOLO HOME RUN (Flyball, 9LD, EV 98.1 MPH), Distance : 360 ft
Batting: RHB José Moya 0-0: Ball
1-0: Called Strike
1-1: Fly out, F9 (Line Drive, 89M, EV 90.0 MPH)
Batting: RHB Yaichiro Ito 0-0: Ball
1-0: Fly out, F9 (Flyball, 9, EV 86.3 MPH)
Batting: RHB Joe Givens 0-0: Ball
1-0: Called Strike
1-1: Ball
2-1: Fly out, F8 (Flyball, 8RD, EV 98.8 MPH)
Bottom of the 6th over - 1 run, 1 hit, 0 errors, 0 left on base; Toronto 1 - Redwood 4
TOP OF THE 7TH
Toronto Blue Jays batting - Pitching for Redwood Pioneers : RHP Ted Gilmore
Batting: LHB Robert Beauregard 0-0: Ball
1-0: Ground out 4-3 (Groundball, 4, EV 77.5 MPH)
Batting: RHB Danny Britt 0-0: Called Strike
0-1: Called Strike
0-2: Ball
1-2: Ball
2-2: Foul Ball, location: 2F
2-2: Foul Ball, location: 9LSF
2-2: Ball
3-2: Foul Ball, location: 2F
3-2: Hit by Pitch
Batting: LHB Edgar Ledesma 0-0: Fly out, F7 (Flyball, 7LM, EV 92.5 MPH)
Batting: RHB Amos Otis 0-0: Called Strike
0-1: Ball
1-1: Swinging Strike
1-2: Strikes out swinging
Top of the 7th over - 0 runs, 0 hits, 0 errors, 1 left on base; Toronto 1 - Redwood 4
BOTTOM OF THE 7TH
Redwood Pioneers batting - Pitching for Toronto Blue Jays : LHP Mickey Lolich
Batting: RHB Elliott Maddox 0-0: Called Strike
0-1: Foul Ball, location: 2F
0-2: Ball
1-2: Strikes out swinging
Batting: RHB Al Lung 0-0: Swinging Strike
0-1: Swinging Strike
0-2: Ball
1-2: Ground out 5-3 (Groundball, 5L, EV 98.8 MPH)
Batting: RHB Ted Gilmore 0-0: Ball
1-0: Ball
2-0: Foul Ball, location: 3DF
2-1: Fly out, F8 (Line Drive, 8RD, EV 88.1 MPH)
Bottom of the 7th over - 0 runs, 0 hits, 0 errors, 0 left on base; Toronto 1 - Redwood 4
TOP OF THE 8TH
Toronto Blue Jays batting - Pitching for Redwood Pioneers : RHP Ted Gilmore
Batting: RHB Jim Fregosi 0-0: Called Strike
0-1: Ground out 6-3 (Groundball, 6, EV 103.1 MPH)
Pitching: RHP Ernest Tate
Batting: RHB Howard Brown 0-0: Ball
1-0: Ball
2-0: Swinging Strike
2-1: Swinging Strike
2-2: Ball
3-2: Strikes out looking
Pinch Hitting: LHB Floyd Robinson 0-0: Ball
1-0: Foul Ball, location: 7LDF
1-1: Ground out 1-3 (Groundball, 34S, EV 67.5 MPH)
Top of the 8th over - 0 runs, 0 hits, 0 errors, 0 left on base; Toronto 1 - Redwood 4
BOTTOM OF THE 8TH
Redwood Pioneers batting - Pitching for Toronto Blue Jays : LHP Mickey Lolich
Pitching: LHP Tug McGraw
Batting: LHB Tomás Bernal 0-0: Ball
1-0: Called Strike
1-1: Foul Ball, location: 2F
1-2: Foul Ball, location: 3F
1-2: Foul Ball, location: 9LSFF
1-2: Ground out U3 (Groundball, 3, EV 103.1 MPH)
Batting: LHB Bobby Murcer 0-0: Called Strike
0-1: Called Strike
0-2: Fly out, F5 (Popup, 56S, EV 83.1 MPH)
Batting: LHB Jerry Gregory 0-0: Ball
1-0: Ball
2-0: Foul Ball, location: 2F
2-1: SINGLE (Line Drive, 34D, EV 93.8 MPH)
Batting: RHB José Moya 0-0: Called Strike
0-1: Ball
1-1: Swinging Strike
1-2: Fly out, F9 (Flyball, 89M, EV 93.8 MPH)
Bottom of the 8th over - 0 runs, 1 hit, 0 errors, 1 left on base; Toronto 1 - Redwood 4
TOP OF THE 9TH
Toronto Blue Jays batting - Pitching for Redwood Pioneers : RHP Ernest Tate
Batting: RHB Waylon Castro 0-0: SINGLE (Line Drive, 6D, EV 95.6 MPH)
Batting: RHB Michael McKee 0-0: Ball
1-0: Called Strike
1-1: Foul Ball, location: 2F
1-2: Strikes out looking
Batting: LHB Robert Beauregard 0-0: Called Strike
0-1: Foul Ball, location: 9LMFF
0-2: Fielders Choice at 2nd, 3-6 (Groundball, 34S, EV 90.6 MPH)
Batting: RHB Danny Britt 0-0: Ground out 4-3 (Groundball, 34, EV 93.1 MPH)
Top of the 9th over - 0 runs, 1 hit, 0 errors, 1 left on base; Toronto 1 - Redwood 4
Tuesday, April 16th , 2024 - OOTP Baseball 24.8 Build 75